[Event "1000GM NY Winter GM-B 2024"]
[Site "New York"]
[Date "2024.01.16"]
[Round "9.4"]
[White "Graif, William"]
[Black "Lee, Alice"]
[Result "1/2-1/2"]
[ECO "C42"]
[WhiteElo "2302"]
[BlackElo "2379"]
[Annotator "TA"]
[PlyCount "133"]
[EventDate "2024.01.10"]
[EventType "tourn"]
[EventCountry "USA"]
[SourceTitle "playchess.com"]
[Source "ChessBase"]
[SourceQuality "1"]
[TimeControl "5400+30"]

1. e4 e5 2. Nf3 Nf6 3. Nxe5 d6 4. Nf3 Nxe4 5. Nc3 Nxc3 6. dxc3 Be7 7. Be3 O-O 8. Qd2 {[%emt 0:00:09] C42: Petroff Defence: 3 Nxe5 and unusual White 3rd moves.} Nd7 9. O-O-O Nf6 10. Bd3 Re8 11. Rhe1 Bg4 {[%emt 0:00:09] 11...Bd7 is not played anymore.} 12. Bg5 Qd7 {[%emt 0:00:14] [#] 12...Nh5 is the modern continuation.} 13. Qf4 $146 ({White should try} 13. Kb1 $11) ({Predecessor:} 13. h3 Bf5 14. g4 Bxd3 15. Qxd3 h6 16. Be3 Qa4 17. g5 hxg5 18. Bxg5 Bf8 19. Kb1 {½-½ Suleymanli,A (2588)-Aditya,M (2572) EU-Cup 38th Durres 2023 (2.1)}) 13... Nh5 $15 14. Qd2 Bxg5 15. Qxg5 h6 16. Qd2 Qa4 17. a3 Bxf3 18. gxf3 Qf4 19. Qxf4 Nxf4 20. Re4 Nh3 21. Rf1 Ng5 (21... g5 $17) 22. Re3 (22. Rb4 $11) 22... Nh3 (22... Ne6 $15) 23. Be4 (23. Re4 $1 $11 {remains equal.}) 23... Rab8 24. Bf5 Nf4 25. Re4 Rxe4 26. fxe4 $17 {[%emt 0:05:51][%mdl 4096] Endgame KRB-KRN} Re8 27. f3 g6 28. Bd7 Re7 29. Bc8 c6 30. Kd2 $1 Kg7 31. Ke3 Nd5+ 32. Kd4 Nf4 33. Ke3 $1 g5 34. c4 Kf6 35. Kd4 d5 36. cxd5 ({Much worse is} 36. exd5 cxd5 37. cxd5 Rc7 38. Bxb7 (38. Bg4 $2 Rxc2 39. h4 gxh4 $19) 38... Rxb7 $19) (36. c5 $1 $11) 36... cxd5 {[%emt 0:00:04] ...Rc7 would be deadly.} 37. Bf5 Rc7 {[%emt 0:00:31] Threatens to win with ...Rc4+.} 38. c3 Rc4+ 39. Ke3 {[%emt 0:00:01] [#]} d4+ $1 40. Kd2 (40. cxd4 $2 {too greedy.} Rc2 41. Rf2 (41. d5 $2 Ke5 $19) 41... Ng2+ 42. Rxg2 Rxg2 $19) 40... Ke5 41. Rh1 dxc3+ 42. bxc3 Rc6 (42... Ng2 $142 43. Rb1 Rc7) 43. Rb1 b6 44. Rb5+ Rc5 45. Rxc5+ bxc5 $15 {[%emt 0:00:01] KB-KN} 46. Bc8 (46. a4 $1 $15) 46... Ng2 $1 $17 {[%emt 0:00:24] And now ...Kf4 would win.} 47. Bh3 Nf4 ({Black should play} 47... Nh4 $1 $17 48. Ke3 f5) 48. Bf1 (48. Bc8 $11 {keeps the balance.}) 48... Ng6 49. Ke3 Ne7 50. Bc4 f6 51. Be2 Nc8 52. Ba6 Nd6 53. a4 $2 {[%emt 0:00:31][%mdl 8192] [#]} (53. Bd3 $17) 53... c4 $1 $19 54. Ke2 Kf4 55. Kf2 h5 {[%emt 0:01:11] Hoping for ...g4.} 56. h3 g4 57. hxg4 hxg4 58. fxg4 Nxe4+ 59. Ke1 Nd6 (59... Kxg4 $17 {( -> ...Nd6)} 60. Bxc4 Kf4) 60. Ke2 Ke4 {[%emt 0:00:16] Black wants to play ...Kf4.} 61. a5 $1 Kf4 62. Kf2 Ne4+ (62... Kxg4 $5 63. Ke3 $8 Kg5 $11) 63. Ke1 (63. Ke2 $1 $11) 63... Kxg4 $17 {[%emt 0:00:28] aiming for ...Nd6.} 64. Bxc4 {[%emt 0:00:12] [#]} Kg3 (64... Kf4 $1 $17 {[%cal Rf4e3] ...Ke3! is the strong threat.} 65. Ke2 Ke5) 65. Be6 {[%emt 0:01:43] The position is equal.} Nxc3 66. Kd2 Ne4+ 67. Ke3 {[%emt 0:00:07] Whites escaped into a draw.   Weighted Error Value: White=0.28 (precise) /Black=0.14 (very precise)} 1/2-1/2